 Dungeon Crawl Stone Soup version 0.17.1-3-g152610e (webtiles) character file.

12275 kaze the Nimble (level 11, -1/111 HPs)
             Began as a Troll Berserker on Mar 7, 2016.
             Was a High Priest of Trog.
             Slain by a sixfirhy (8 damage)
             ... summoned by an orc sorcerer
             ... on level 4 of the Orcish Mines.
             The game lasted 00:38:27 (11221 turns).

kaze the Nimble (Troll Berserker)                  Turns: 11221, Time: 00:38:28

Health: -1/111     AC:  9    Str: 33    XL:     11   Next: 60%
Magic:  10/10      EV: 13    Int: -1 (3) God:    Trog [*****.]
Gold:   881        SH:  0    Dex:  9    Spells: 0 memorised, 10 levels left

rFire  + . .     SeeInvis +     P - +10 great sword of Japsibet {speed, -Tele rPois SInv Stlth+}
rCold  + . .     Clarity  .     a - +2 animal skin
rNeg   + + +     SustAt   .     (shield currently unavailable)
rPois  +         Gourm    +     (helmet restricted)
rElec  .         Spirit   .     B - +1 cloak
rCorr  .         Warding  .     (gloves unavailable)
rMut   .         NoTele   +     (boots unavailable)
MR     +....                    h - amulet of regeneration
Stlth  +++.......               Z - ring "Zijaxter" {rF+ rC+ rN+++ Str+3 Slay-5}
                                r - ring of protection from magic

@: exhausted, slowed, lost intelligence, very slow, somewhat resistant to
hostile enchantments, fairly stealthy
A: unfitting armour, claws 3, fast metabolism 3, gourmand, regeneration 2,
shaggy fur 1, tough skin 2
a: Berserk, Trog's Hand, Brothers in Arms, Burn Spellbooks, Renounce Religion


You were on level 4 of the Orcish Mines.
You worshipped Trog.
Trog was extremely pleased with you.
You were very full.

You visited 2 branches of the dungeon, and saw 15 of its levels.
You also visited: Sewer.

You collected 1651 gold pieces.
You spent 770 gold pieces at shops.

Inventory:

Hand Weapons
 c - the +10 quarterstaff of Trog's Hope {drain, rElec Dex+2}
   (Trog gifted it to you on level 3 of the Orcish Mines)

   A truly terrible weapon, it drains the life of those it strikes.
   It affects your dexterity (+2).
   It insulates you from electricity.
 d - a +3 spear of freezing
 A - a +4 quarterstaff of chaos
 D - a +1 mace of crushing
 F - a +3 quarterstaff of crushing
 P - the +10 great sword of Japsibet (weapon) {speed, -Tele rPois SInv Stlth+}
   (Trog gifted it to you on level 10 of the Dungeon)

   Attacks with this weapon are significantly faster.
   It protects you from poison.
   It lets you see invisible.
   It prevents most forms of teleportation.
   It makes you more stealthy.
Missiles
 f - 2 exploding tomahawks
 p - 25 tomahawks (quivered)
 C - 2 silver tomahawks
 Y - 4 large rocks
Armour
 a - a +2 animal skin (worn)
 b - a +1 shield
 B - a +1 cloak (worn)
Jewellery
 h - an amulet of regeneration (around neck)
 r - a ring of protection from magic (left claw)
 Z - the ring "Zijaxter" (right claw) {rF+ rC+ rN+++ Str+3 Slay-5}
   (You bought it in a shop on level 3 of the Orcish Mines)

   [ring of protection from cold]

   It affects your strength (+3).
   It affects your accuracy and damage with ranged weapons and melee attacks
   (-5).
   It protects you from fire.
   It protects you from cold.
   It renders you almost immune to negative energy.
Scrolls
 o - 2 scrolls of magic mapping
 s - 2 scrolls of fear
 w - a scroll of teleportation
 y - a scroll of remove curse
 E - a scroll of blinking
 R - a scroll of enchant weapon
Potions
 e - 2 potions of invisibility
 i - 3 potions of brilliance {unknown}
 j - a potion of might {unknown}
 k - 4 potions of curing {unknown}
 l - 2 potions of haste {unknown}
 m - 3 potions of flight {unknown}
 t - 3 potions of ambrosia {unknown}
 u - a potion of poison {unknown}
 v - 4 potions of heal wounds {unknown}
 z - a potion of degeneration {unknown}
 H - a potion of cure mutation {unknown}
 I - a potion of mutation {unknown}
 J - a potion of berserk rage {unknown}
 K - a potion of cancellation {unknown}
 U - 2 potions of lignification {unknown}
 W - a potion of resistance {unknown}
Comestibles
 g - a beef jerky
 n - 8 fruits
 q - 3 meat rations
 x - 18 chunks of flesh
 M - a bread ration


   Skills:
 + Level 7.8 Fighting
 + Level 3.6 Long Blades
 + Level 4.2(5.0) Polearms
 + Level 4.0(4.9) Staves
 + Level 1.7 Throwing
 + Level 11.1 Dodging
 - Level 1.7 Stealth
 + Level 0.7 Shields
 + Level 4.8 Unarmed Combat


You had 10 spell levels left.
You didn't know any spells.

Dungeon Overview and Level Annotations

Branches:
Dungeon (11/15)            Temple (0/1) D:6            Lair (0/8) D:11
    Orc (4/4) D:11            Elf (0/3) Orc:4

Altars:
The Shining One
Beogh

Shops:
D:5 (   Orc:2 [   Orc:3 =


Innate Abilities, Weirdness & Mutations

You are too large for most types of armour.
You have claws for hands.
Your metabolism is lightning-fast.
You like to eat raw meat.
You heal very quickly.
You are covered in fur (AC +1).
You have very tough skin (AC +2).


Message History

Trog appreciates your killing of a magic user.
Your skin stops crawling.
You feel less resistant to hostile enchantments.
The sixfirhy hits you but does no damage.
The sixfirhy closely misses you. The sixfirhy hits you.
* * * LOW HITPOINT WARNING * * *
The sixfirhy shocks you!
* * * LOW HITPOINT WARNING * * *
The orc sorcerer points at you and mumbles some strange words.
The bolt of negative energy misses you.
The orc sorcerer hits you with a dagger.
* * * LOW HITPOINT WARNING * * *
The blue devil misses you. The sixfirhy barely misses you.
You slash the orc!
You kill the orc!
Trog accepts your kill. The sixfirhy hits you.
* * * LOW HITPOINT WARNING * * *
The sixfirhy shocks you!
You die...

..# #§≈.....≈§#### ### ###
##.........## .# ##.## ###
##.##.....##.##
.###...###.###..##.....##..#
..##...##...##....4§.......#####
.##...##..........o.........##.##
##.....)........##.....##...#...#
#.............)##o....##........
#........))....@oO4........#....
##.............44o...............
.............#...................
.........#......................#
.................................
.......#...#.............>.......
.......##.##..........)..........
..#.#.#####.#........)).......#..
.###### ......................


You could see a hellwing, a sixfirhy, a blue devil, 2 orc sorcerers, an ogre and
an orc wizard (invisible).

Vanquished Creatures
  A hill giant (D:10)
  Pikel (D:4)
  A cyclops (D:11)
  An ugly thing (D:11)
  3 orc sorcerers
  A fire drake (D:11)
  The ghost of senseless the Sneak, an amateur OpMo (D:5)
  A shadow (D:11)
  Sigmund (D:5)
  A trapdoor spider (D:11)
  6 yaks (D:10)
  A hog (D:8)
  3 wolves (D:9)
  Grum (D:8)
  2 hippogriffs (D:8)
  A hungry ghost (D:8)
  3 wargs
  2 phantoms
  A slave (D:4)
  A water moccasin (D:6)
  10 orc warriors
  An ice beast (D:9)
  2 sky beasts
  2 black bears
  6 ogres
  7 centaurs
  A crocodile (D:8)
  3 big kobolds (Sewer)
  A gnoll sergeant (D:11)
  4 giant frogs
  2 scorpions
  A wyvern skeleton (D:8)
  3 killer bees (D:9)
  3 wights (D:10)
  5 crimson imps
  11 hounds
  2 jellies
  18 orc wizards
  Crazy Yiuf (D:5)
  18 orc priests
  A giant frog skeleton (D:10)
  Natasha (twice) (D:2)
  5 iguanas
  6 worker ants
  A killer bee zombie (D:8)
  A hound zombie (D:6)
  A hound skeleton (D:6)
  A worker ant zombie (D:9)
  7 gnolls
  10 adders
  5 shadow imps
  A worm (D:2)
  An adder skeleton (D:5)
  3 giant geckos
  129 orcs
  3 ball pythons
  11 bats
  9 goblins
  14 hobgoblins
  5 jackals (D:5)
  27 kobolds
  6 quokkas
  5 giant cockroaches
  8 giant newts
  A jackal skeleton (D:4)
  A quokka skeleton (D:8)
  A quokka zombie (D:5)
  12 rats
411 creatures vanquished.

Vanquished Creatures (others)
  An orc priest (D:4)
  3 orcs (D:4)
  2 goblins (D:4)
  A hobgoblin (D:4)
7 creatures vanquished.

Grand Total: 418 creatures vanquished

Notes
Turn   | Place    | Note
--------------------------------------------------------------
     0 | D:1      | kaze the Troll Berserker began the quest for the Orb.
     0 | D:1      | Reached XP level 1. HP: 22/22 MP: 0/0
    88 | D:1      | Reached XP level 2. HP: 29/29 MP: 1/1
   277 | D:1      | Reached ** piety under Trog
   538 | D:2      | Reached XP level 3. HP: 33/36 MP: 2/2
  1049 | D:2      | Reached XP level 4. HP: 41/44 MP: 3/3
  1059 | D:2      | Reached skill level 4 in Unarmed Combat
  1095 | D:2      | Noticed Natasha
  1104 | D:2      | Killed Natasha
  1139 | D:2      | Reached XP level 5. HP: 53/53 MP: 4/4
  1376 | D:2      | Noticed Natasha
  1382 | D:2      | Killed Natasha
  1896 | D:3      | Reached *** piety under Trog
  2536 | D:4      | Reached XP level 6. HP: 54/61 MP: 5/5
  2545 | D:4      | Noticed an ogre
  2553 | D:4      | Killed an ogre
  2602 | D:4      | Noticed an ogre
  2609 | D:4      | Killed an ogre
  2609 | D:4      | Reached skill level 1 in Polearms
  2658 | D:4      | Noticed a slave
  2659 | D:4      | Noticed Pikel
  2659 | D:4      | Noticed a slave
  2660 | D:4      | Noticed a slave
  2660 | D:4      | Noticed a slave
  2671 | D:4      | Killed a slave
  2686 | D:4      | Killed Pikel
  2686 | D:4      | Reached skill level 5 in Dodging
  2686 | D:4      | Reached XP level 7. HP: 70/70 MP: 6/6
  2799 | D:4      | Reached XP level 8. HP: 74/78 MP: 7/7
  3509 | D:5      | Entered Level 5 of the Dungeon
  3654 | D:5      | Reached **** piety under Trog
  3668 | D:5      | Reached skill level 6 in Dodging
  3669 | D:5      | Noticed senseless's ghost (amateur OpMo)
  3680 | D:5      | Killed senseless's ghost
  3680 | D:5      | Reached skill level 1 in Stealth
  3719 | D:5      | Found a glowing drain.
  3756 | Sewer    | Entered a sewer
  3867 | Sewer    | Reached skill level 5 in Fighting
  4150 | D:5      | Reached ***** piety under Trog
  4184 | D:5      | Noticed Sigmund
  4198 | D:5      | Killed Sigmund
  4198 | D:5      | Reached skill level 7 in Dodging
  4240 | D:5      | Reached XP level 9. HP: 88/88 MP: 8/8
  4362 | D:5      | Found Letem's Weapon Boutique.
  4504 | D:5      | Noticed Crazy Yiuf
  4513 | D:5      | Killed Crazy Yiuf
  5091 | D:6      | Reached skill level 1 in Staves
  5224 | D:6      | Reached skill level 8 in Dodging
  5381 | D:6      | Found a staircase to the Ecumenical Temple.
  6404 | D:8      | Reached XP level 10. HP: 98/98 MP: 9/9
  6524 | D:8      | Reached skill level 9 in Dodging
  6869 | D:9      | Noticed Grum
  6877 | D:8      | Killed Grum
  7174 | D:9      | Found a glowing golden altar of the Shining One.
  7313 | D:10     | Entered Level 10 of the Dungeon
  7587 | D:10     | Reached skill level 10 in Dodging
  7597 | D:10     | HP: 5/102 [yak (11)]
  7598 | D:10     | Received a gift from Trog
  7602 | D:10     | Got a shimmering great sword {god gift}
  7687 | D:10     | Identified the +10 great sword of Japsibet {speed, -Tele rPois SInv Stlth+} (Trog gifted it to you on level 10 of the Dungeon)
  7837 | D:10     | Noticed a hill giant
  7844 | D:10     | Killed a hill giant
  8128 | D:11     | Reached XP level 11. HP: 82/109 MP: 10/10
  8139 | D:11     | Found a staircase to the Lair.
  8149 | D:11     | Reached skill level 1 in Long Blades
  8480 | D:11     | Found a staircase to the Orcish Mines.
  8608 | D:11     | Noticed a cyclops
  8619 | D:11     | Killed a cyclops
  8660 | D:11     | Noticed a green ugly thing
  8670 | D:11     | Killed a green ugly thing
  8910 | Orc:1    | Entered Level 1 of the Orcish Mines
  8962 | Orc:1    | Found a roughly hewn altar of Beogh.
  9304 | Orc:2    | Reached skill level 1 in Throwing
  9323 | Orc:2    | Found Qukhy's Armour Boutique.
  9716 | Orc:3    | Found a roughly hewn altar of Beogh.
  9727 | Orc:3    | Found Qawapran's Jewellery Emporium.
  9740 | Orc:3    | Bought the ring "Zijaxter" {rF+ rC+ rN+++ Str+3 Slay-5} for 770 gold pieces
  9962 | Orc:3    | Received a gift from Trog
  9987 | Orc:3    | Got a slimy quarterstaff {god gift}
  9988 | Orc:3    | Identified the +10 quarterstaff of Trog's Hope {drain, rElec Dex+2} (Trog gifted it to you on level 3 of the Orcish Mines)
 10170 | Orc:3    | Found a roughly hewn altar of Beogh.
 10531 | Orc:4    | Entered Level 4 of the Orcish Mines
 10978 | Orc:4    | Found a staircase to the Elven Halls.
 11064 | Orc:4    | Received a gift from Trog
 11194 | Orc:4    | Noticed a soul eater
 11196 | Orc:4    | Noticed a sun demon
 11196 | Orc:4    | Reached skill level 11 in Dodging
 11206 | Orc:4    | Lost intelligence.
 11221 | Orc:4    | Slain by a sixfirhy

Action                   |  1- 3 |  4- 6 |  7- 9 | 10-12 || total
-------------------------+-------+-------+-------+-------++-------
Melee: Unarmed           |   101 |    52 |       |       ||   153
       Spear             |       |   131 |   282 |    66 ||   479
       Quarterstaff      |       |       |   209 |   144 ||   353
       Great sword       |       |       |       |   358 ||   358
Throw: Tomahawk          |       |     2 |       |    75 ||    77
Invok: Trog's Hand       |     1 |       |     4 |     5 ||    10
       Berserk           |       |     2 |     4 |     5 ||    11
       Burn Spellbooks   |       |       |       |     1 ||     1
  Use: Scroll            |       |    10 |     9 |     5 ||    24
 Stab: Distracted        |       |     1 |       |       ||     1
       Sleeping          |       |       |     1 |     5 ||     6
       Confused          |       |       |     1 |     1 ||     2
       Paralysed         |       |       |     1 |       ||     1
       Petrifying        |       |       |       |     1 ||     1
  Eat: Chunk             |    14 |    17 |    43 |    58 ||   132
       Bread ration      |     1 |       |       |     6 ||     7
